 Dungeon Crawl Stone Soup version 0.30-a0-304-gdc4b735fe1 (webtiles) character file.

Game seed: 6237285078212194834

22 nbgmgr the Conjurer (level 3, -4/1 (18) HPs)
             Began as a Meteoran Reaver on Oct 20, 2022.
             Frozen to death by an endoplasm (5 damage)
             ... on level 2 of the Dungeon.
             The game lasted 00:03:15 (1010 turns).

nbgmgr the Conjurer (Meteoran Reaver)               Turns: 1010, Time: 00:03:15

HP:   -4/1 (18)     AC:  3    Str: 16    XL:     3   Next: 23%
MP:   8/8           EV: 12    Int: 14    God:
Gold: 23            SH:  0    Dex: 12    Spells: 7/8 levels left

rFire   . . .      SeeInvis .    a - +0 spear
rCold   . . .      Faith    .    (no shield)
rNeg    . . .      Spirit   .    b - +0 leather armour
rPois   .          Reflect  .    (no helmet)
rElec   .          Harm     .    (no cloak)
rCorr   .          Rampage  .    (no gloves)
Will    .....                    (no boots)
Stlth   +.........               (no amulet)
HPRegen 0.20/turn                (no ring)
MPRegen 0.11/turn                (no ring)

@: glowing, extremely drained
A: sense surroundings 1, otherworldly, glowing, explore regen
a: no special abilities


You were on level 2 of the Dungeon.
You visited 1 branch of the dungeon, and saw 2 of its levels.

You collected 23 gold pieces.

Inventory:

Hand Weapons
 a - a +0 spear (weapon)
Armour
 b - a +0 leather armour (worn)
 g - a +0 plate armour
Jewellery
 e - a ring of poison resistance
Scrolls
 c - 2 scrolls of identify {unknown}
 d - a scroll of poison {unknown}
 f - a scroll of acquirement {unknown}
Potions
 h - a potion of experience {unknown}
 i - a potion of haste {unknown}


   Skills:
 - Level 3.0 Fighting
 - Level 3.7 Polearms
 - Level 2.4 Dodging
 - Level 3.0 Spellcasting
 - Level 4.0 Conjurations
 + Level 0.3 Necromancy


You had 7 spell levels left.
You knew the following spells:

 Your Spells              Type           Power      Damage    Failure   Level
a - Kiss of Death         Conj/Necr      32%        2d7       11%         1

Your spell library contained the following spells:

 Spells                   Type           Power      Damage    Failure   Level
 Momentum Strike          Conj/Tloc      14%        3d8       17%         2
 Hailstorm                Conj/Ice       7%         3d4       34%         3


Dungeon Overview and Level Annotations

Branches:
Dungeon (2/15) Zot: 766

Altars:


Innate Abilities, Weirdness & Mutations

You passively map a small area around you.
You are easily found by Zot.
You glow in the dark.
You regain HP and MP as you explore.


Message History

You have lingered too long.
Zot senses you.
Dive deeper or flee this branch before you suffer!
Zot draws nearer.
Dive deeper or flee this branch before you suffer!
Done exploring.
Done exploring.
Unknown command.
Unknown command.
(D) Dungeon
Where to? (? - help)
You enter the shallow water.
Moving in this stuff is going to be slow.
Zot has nearly found you.
Suffering is imminent.
Descend or flee this branch!
(D) Dungeon
Where to? (Enter - D:2, ? - help) Zot's power touches on you...
(D) Dungeon
Where to? (Enter - D:2, ? - help)
You see here a +0 dagger.
There is a stone staircase leading down here.
You climb downwards.
Found 10 gold pieces, a falchion and a scroll labelled QOMIOJ JITS.
There is a stone staircase leading up here.
An endoplasm is nearby!
A jackal and an endoplasm come into view.
Found a viscous clear potion.
The jackal barks!
You hear a bark!
A jackal comes into view. x3
You reach to attack!
The jackal barks! x2
You hit the endoplasm but do no damage. You hit the endoplasm.
The endoplasm is severely wounded.
You completely miss the endoplasm.
The endoplasm is severely wounded.
The endoplasm closely misses you.
You hit the endoplasm but do no damage.
The endoplasm is severely wounded.
The endoplasm freezes you.
You are frozen.
Ouch! That really hurt!
You die...

* * , , * *
, * , * ,*
*
##..######
!...h.J@<#
....h.$..#
,
,.....h.).#
,*
....h.....
, *
..J......##
.........#
,
.........#
,
......?..#
* * ,


You could see 2 endoplasms and 4 jackals.

Vanquished Creatures
  A dart slug (D:1)
  3 endoplasms (D:1)
  A giant cockroach (D:1)
  2 goblins (D:1)
  A hobgoblin (D:1)
  2 kobolds (D:1)
  4 quokkas (D:1)
  2 bats (D:1)
  A frilled lizard (D:1)
17 creatures vanquished.

Vanquished Creatures (others)
  3 plants (D:1)
3 creatures vanquished.

Grand Total: 20 creatures vanquished

Notes
Turn   | Place    | Note
-------+----------+-------------------------------------------
     0 | D:1      | nbgmgr the Meteoran Reaver began the quest for the Orb.
     0 | D:1      | Reached XP level 1. HP: 17/17 MP: 5/5
    74 | D:1      | Reached XP level 2. HP: 25/25 MP: 6/6
   231 | D:1      | Reached skill level 4 in Conjurations
   231 | D:1      | Reached XP level 3. HP: 11/13 MP: 8/8
   502 | D:1      | Glimpsed the power of Zot.
   551 | D:1      | Glimpsed the power of Zot.
   587 | D:1      | Glimpsed the power of Zot.
   596 | D:1      | Touched by the power of Zot.
   693 | D:1      | Glimpsed the power of Zot.
   739 | D:1      | Glimpsed the power of Zot.
   772 | D:1      | Glimpsed the power of Zot.
   782 | D:1      | Touched by the power of Zot.
   880 | D:1      | Glimpsed the power of Zot.
   930 | D:1      | Glimpsed the power of Zot.
   969 | D:1      | Glimpsed the power of Zot.
   976 | D:1      | Touched by the power of Zot.
  1010 | D:2      | Frozen to death by an endoplasm

Illustrated notes

Levels and vault maps discovered:
D:1:      grunt_arrival_crossed_arrows, layout_basic, corexii_corridor_pit,
          serial_bayou_lagoon_a, grunt_decor_one_mirror
D:2:      layout_rooms

Skill      XL: |  1  2  3 |
---------------+----------+-----
Fighting       | 3 |  3.0
Conjurations   | 4 |  4.0
Spellcasting   | 3 |  3.0
Polearms       | |  3.7
Dodging        | |  2.4
Necromancy     | |  0.3

Action                   || total
-------------------------++-------
Melee: Spear             ||    43
 Cast: Kiss of Death     ||     5
Armor: Leather armour    ||     4
Dodge: Dodged            ||    13

Table legend: (Time is in decaauts)
 A = Elapsed time spent in this place.
 B = Non-inter-level travel time spent in this place.
 C = Inter-level travel time spent in this place.
 D = Time resting spent in this place.
 E = Time spent auto-exploring this place.
 F = Levels seen in this place.
 G = Mean time per level.
                   A        B        C        D        E       F      G
               +--------+--------+--------+--------+--------+-----+--------+
         Total |   1034 |    958 |     76 |      0 |    801 |   2 |  517.0 |
       Dungeon |   1034 |    958 |     76 |      0 |    801 |   2 |  517.0 |
               +--------+--------+--------+--------+--------+-----+--------+

Top non-repeatable levels by time:
     D:1: 1030 daAuts
     D:2: 4 daAuts
